 Dungeon Crawl Stone Soup version 0.29-a0-11-ga75d3d97ab (webtiles) character file.

Game seed: 2568766455448452592

470 shoop the Covert (level 6, -1/36 HPs)
             Began as a Vampire Delver on Jan 28, 2022.
             Slain by an ogre (18 damage)
             ... on level 4 of the Dungeon.
             The game lasted 00:17:34 (5783 turns).

shoop the Covert (Vampire Delver)                   Turns: 5783, Time: 00:17:35

Health: -1/36      AC:  8    Str: 19    XL:     6   Next: 82%
Magic:  6/6        EV: 10    Int: 19    God:
Gold:   113        SH:  7    Dex: 13    Spells: 5/5 levels left

rFire   . . .      SeeInvis +   C - +1 dagger (venom)
rCold   + + +      Faith    .   h - +0 kite shield
rNeg    + + +      Spirit   .   u - +2 robe {rN+}
rPois   ∞          Reflect  .   y - +2 helmet of Kedeb {Rampage rC+ Str+6 Dex-2}
rElec   .          Harm     .   (no cloak)
rCorr   +          Rampage  +   (no gloves)
Will    .....                   q - +0 pair of boots
Stlth   ++++++....              (no amulet)
HPRegen 0.00/turn               j - +6 ring of intelligence
MPRegen 0.10/turn               s - ring of resist corrosion

@: bloodless, inhibited regen
A: bloodless, fangs 3, see invisible, vampiric 2
a: Bat Form, Revivify


You were on level 4 of the Dungeon.
You visited 1 branch of the dungeon, and saw 5 of its levels.

You collected 113 gold pieces.

Inventory:

Hand Weapons
 a - a +0 short sword
 b - a +1 dagger of speed
 t - a +1 halberd of venom
 C - a +1 dagger of venom (weapon)
Missiles
 A - 2 poisoned darts (quivered)
Armour
 h - a +0 kite shield (worn)
 l - a +0 leather armour
 q - a +0 pair of boots (worn)
 u - a +2 robe of positive energy (worn)
 v - a +0 helmet
 y - the +2 helmet of Kedeb (worn) {Rampage rC+ Str+6 Dex-2}
   (You took it off Robin on level 3 of the Dungeon)

   Str:       It affects your strength (+6).
   Dex:       It affects your dexterity (-2).
   rC:        It protects you from cold.
   Rampage:   It bestows one free step when moving towards enemies.
Jewellery
 j - a +6 ring of intelligence (left hand)
 s - a ring of resist corrosion (right hand)
Wands
 g - a wand of digging (3)
Scrolls
 c - 2 scrolls of fog
 d - a scroll of magic mapping
 e - a scroll of fear
 k - a scroll of torment
 m - a scroll of amnesia {unknown}
 n - a scroll of immolation {unknown}
 o - a scroll of teleportation {unknown}
 p - 3 scrolls of identify {unknown}
 r - 2 scrolls of vulnerability {unknown}
 x - a scroll of enchant weapon {unknown}
 B - a scroll of noise {unknown}
Potions
 f - a potion of haste
 i - 2 potions of heal wounds
 w - a potion of curing {unknown}
 z - a potion of cancellation {unknown}


   Skills:
 - Level 2.6 Fighting
 * Level 6.7 Short Blades
 - Level 0.6 Armour
 - Level 2.1 Dodging
 + Level 8.9 Stealth
 + Level 1.5 Shields


You had 5 spell levels left.
You didn't know any spells.
Your spell library contained the following spells:

 Spells                   Type           Power      Damage    Failure   Level
 Foxfire                  Conj/Fire      0%         2x1d4     56%         1
 Magic Dart               Conj           0%         1d3       56%         1
 Call Imp                 Summ           0%         N/A       71%         2
 Conjure Flame            Conj/Fire      0%         6-21      90%         3
 Inner Flame              Hex/Fire       0%         N/A       90%         3
 Mephitic Cloud           Conj/Pois/Air  0%         N/A       90%         3
 Flame Wave               Conj/Fire      0%         2d4       100%        4


Dungeon Overview and Level Annotations

Branches:
Dungeon (5/15)
 Temple: D:4-7

Altars:
Fedhas
Vehumet

Annotations:
D:2 Natasha
D:3 exclusions: 3 orcs, orc priest and orc wizard
D:4 1 runed translucent door, exclusion: kobold, Thatotherguy's ghost, amateur GrMo
D:5 exclusions: black bear, jelly, orc wizard and sky beast


Innate Abilities, Weirdness & Mutations

You do not regenerate when monsters are visible.
You are frail without blood (-20% HP).
You can heal yourself when you bite living creatures.
You are immune to poison.
You have razor-sharp teeth.
You have supernaturally acute eyesight. (SInv)
You are afflicted with vampirism and can become a bat while bloodless.


Message History

The howler monkey is heavily wounded.
The howler monkey hits you.
You closely miss the howler monkey.
The howler monkey is severely wounded.
The howler monkey hits you.
You closely miss the howler monkey.
The howler monkey is almost dead.
You kill the howler monkey!
No target in view!
There is a stone staircase leading down here.
You start resting.
HP restored.
You climb downwards.
Level annotation: 1 runed translucent door, exclusion: kobold, Thatotherguy's ghost, amateur GrMo
There is a stone staircase leading up here.
Things that are here:
a +0 club; an orc corpse You see here a +0 dagger.
An ice beast is nearby!
There is a stone staircase leading up here.
You see here a +0 dagger.
The ogre shouts!
You hit the ogre.
The ogre is lightly wounded.
The ogre hits you with a +0 giant spiked club!
You hit the ogre. You bite the ogre.
You draw the ogre's blood!
You feel better.
The ogre is heavily wounded.
You block the ogre's attack.
You hit the ogre. Your bite misses the ogre.
The ogre is heavily wounded.
You hit the ogre. Your bite misses the ogre.
The ogre is severely wounded.
The ogre hits you with a +0 giant spiked club!
You are too injured to fight recklessly!
You hit the ogre.
The ogre is poisoned.
The ogre is severely wounded.
The ogre hits you with a +0 giant spiked club!!
Ouch! That really hurt!
You die...

......#.........# #.........#
......#.........# #.........#
................###.........#
.<)...#.....................#
......#.........###.........#
##.####.........###.........#
.#.# #<[........##.........#
...# #..........##.........#
...## ##########@#####..#####
....# #.O..##.#########
..#.#### ####...>........#
.......# ##### ###..........#
.......### #...#
#...........# .........#
#...# #.#.........#
.......#.####...#
#.#.........#
.......#........#
#....##.#####
...##..######...# ##..#.# .#


You could see an ogre (very poisoned).

Vanquished Creatures
  A scorpion (D:5)
  A howler monkey (D:3)
  A hound (D:4)
  An orc priest (D:4)
  Jessica (D:3)
  Natasha (D:2)
  An iguana (D:4)
  Terence (D:2)
  An orc wizard (D:3)
  Robin (D:3)
  3 gnolls
  7 adders
  An adder skeleton (D:4)
  2 worms (D:2)
  2 dart slugs (D:2)
  An orc (D:4)
  7 ball pythons
  4 endoplasms
  16 goblins
  7 hobgoblins
  2 jackals (D:1)
  5 kobolds
  4 quokkas
  3 bats
  4 frilled lizards
78 creatures vanquished.

Notes
Turn   | Place    | Note
-------+----------+-------------------------------------------
     0 | D:5      | shoop the Vampire Delver began the quest for the Orb.
     0 | D:5      | Reached XP level 1. HP: 17/17 MP: 1/1
    16 | D:5      | Found a blossoming altar of Fedhas.
    57 | D:5      | Noticed a jelly
   123 | D:4      | Noticed an ogre
   208 | D:5      | Noticed an orc wizard
   266 | D:5      | Noticed a black bear
   275 | D:5      | Noticed a scorpion
   277 | D:5      | Killed a scorpion
   278 | D:5      | Reached XP level 2. HP: 18/18 MP: 2/2
   278 | D:5      | Gained mutation: You are afflicted with vampirism and can
                  | become a bat while bloodless. [Vampire growth]
   278 | D:5      | Reached XP level 3. HP: 22/22 MP: 3/3
   295 | D:5      | Noticed a sky beast
   357 | D:5      | Noticed an ogre
   526 | D:4      | Noticed an ice beast
   721 | D:2      | Reached XP level 4. HP: 27/27 MP: 4/4
  1258 | D:1      | Found a faded altar of an unknown god.
  1747 | D:2      | Reached skill level 5 in Short Blades
  2088 | D:2      | Reached XP level 5. HP: 31/31 MP: 5/5
  2090 | D:2      | Noticed Natasha
  2110 | D:2      | Killed Natasha
  2531 | D:2      | Noticed Natasha
  2629 | D:2      | Noticed Terence
  2633 | D:2      | Killed Terence
  2634 | D:2      | Reached skill level 8 in Stealth
  3120 | D:3      | You fall into a shaft and drop 2 floors!
  3332 | D:3      | Noticed Jessica
  3343 | D:3      | Killed Jessica
  3699 | D:3      | Reached XP level 6. HP: 11/36 MP: 6/6
  4245 | D:4      | Found a radiant altar of Vehumet.
  4637 | D:3      | Identified the +2 helmet of Kedeb {Rampage rC+ Str+6 Dex-2}
  4637 | D:3      | Noticed Robin
  5176 | D:3      | Killed Robin
  5217 | D:4      | Reached skill level 1 in Shields
  5233 | D:4      | Found a runed translucent door.
  5235 | D:4      | Noticed Thatotherguy's ghost (amateur GrMo)
  5783 | D:4      | Slain by an ogre

Illustrated notes

Levels and vault maps discovered:
D:1:      grunt_arrival_crossed_arrows, layout_basic,
          ebering_ecumenical_altar_ruins
D:2:      layout_loops_corners, uniq_natasha, uniq_terence
D:3:      cheibrodos_pilgrimage, layout_rooms, uniq_jessica, uniq_robin
D:4:      layout_rooms, overflow_temple_1_default,
          hellmonk_ghost_happy_afterlife
D:5:      layout_loops_corners, nicolae_wu_jian_glorious_leap,
          mainiacjoe_overflow_paths

Skill      XL: |  1  2  3  4  5  6 |
---------------+-------------------+-----
Short Blades   | 4 5 6 |  6.7
Stealth        | 8 |  8.9
Shields        | 1 |  1.5
Fighting       | |  2.6
Armour         | |  0.6
Dodging        | |  2.1

Action                   |  1- 3 |  4- 6 || total
-------------------------+-------+-------++-------
Melee: Short sword       |    14 |   202 ||   216
       Dagger            |     1 |    85 ||    86
       Bite              |       |    28 ||    28
       Punch             |       |     3 ||     3
Throw: Dart              |       |     3 ||     3
 Abil: Exsanguinate      |     1 |       ||     1
  Use: Scroll            |       |     2 ||     2
       Potion            |       |     2 ||     2
 Stab: Sleeping          |     3 |    25 ||    28
       Distracted        |       |     2 ||     2
       Fleeing           |       |     1 ||     1
Armor: Leather armour    |     1 |    35 ||    36
       Robe              |       |    21 ||    21
Dodge: Dodged            |     6 |   102 ||   108
Block: Kite shield       |       |    27 ||    27

Table legend: (Time is in decaauts)
 A = Elapsed time spent in this place.
 B = Non-inter-level travel time spent in this place.
 C = Inter-level travel time spent in this place.
 D = Time resting spent in this place.
 E = Time spent auto-exploring this place.
 F = Levels seen in this place.
 G = Mean time per level.
                   A        B        C        D        E       F      G
               +--------+--------+--------+--------+--------+-----+--------+
         Total |   5752 |   5434 |    318 |    429 |   3517 |   5 | 1150.4 |
       Dungeon |   5752 |   5434 |    318 |    429 |   3517 |   5 | 1150.4 |
               +--------+--------+--------+--------+--------+-----+--------+

Top non-repeatable levels by time:
     D:2: 2136 daAuts
     D:3: 1671 daAuts
     D:1: 769 daAuts
     D:4: 665 daAuts
     D:5: 510 daAuts
